 Dungeon Crawl Stone Soup version 0.31-a0-267-g3fc6992b3b (webtiles) character file.

Game seed: 12738782883922968168

283134 qw the Crack Shot (level 20, -10/145 HPs)
             Began as a Gargoyle Hexslinger on July 14, 2023.
             Was a High Priest of Okawaru.
             Mangled by a necromancer
             ... wielding a +1 battleaxe of distortion
              (14 damage)
             ... on level 3 of the Vaults.
             The game lasted 00:17:48 (32593 turns).

qw the Crack Shot (Gargoyle Hexslinger)            Turns: 32593, Time: 00:17:48

Health: -10/145    AC: 49    Str: 22    XL:     20   Next: 95%
Magic:  27/27      EV: 31    Int: 10    God:    Okawaru [*****.]
Gold:   1524       SH:  0    Dex: 23    Spells: 20/21 levels left

rFire   + . .        q - +4 triple crossbow "Goblin's Demise" {freeze, Drain Str+4 Dex+5}
rCold   . . .        (shield currently unavailable)
rNeg    + . .        t - +9 ring mail of Patterns {rF+ SInv}
rPois   inf          s - +2 helmet {SInv}
rElec   +            h - +0 cloak
rCorr   +            v - +1 pair of gloves {Stlth+}
SInv    +            g - +1 pair of boots of the Pleiades {rCorr Str+4 Int-5}
Will    +....        (no amulet)
Stlth   ++++         c - +4 ring of protection
HPRegen 0.44/turn    j - +5 ring of evasion
MPRegen 0.20/turn

%: no passive effects
@: about to teleport, heroic, marked, flying
A: sickness immunity, AC +15, big wings, negative energy resistance 1,
electricity resistance, torment resistance 1, petrification resistance, subdued
magic 1
}: 1/15 runes: decaying
a: Renounce Religion, Heroism, Finesse, Duel


You were on level 3 of the Vaults.
You worshipped Okawaru.
Okawaru was extremely pleased with you.
You visited 7 branches of the dungeon, and saw 33 of its levels.
You visited the Abyss 3 times.
You also visited: Sewer.

You collected 3391 gold pieces.
You spent 1867 gold pieces at shops.


Innate Abilities, Weirdness & Mutations

You are immune to sickness and miasma.
Your stone body is resilient. (AC +15)
You are immune to poison.
Your large and strong wings let you fly.
You resist negative energy. (rN+)
You are resistant to electric shocks. (rElec)
You are resistant to unholy torment.
You are immune to petrification.
Your spells are a little easier to cast, but a little less powerful.


   Skills:
 - Level 22.0(27) Fighting
 - Level 22.0(27) Ranged Weapons
 + Level 14.4(19.4) Armour
 - Level 14.0(19.0) Dodging
 - Level 1.0 Spellcasting
 - Level 2.6 Hexes
 - Level 10.0 Invocations


You had 20 spell levels left.
You knew the following spells:

 Your Spells              Type           Power      Damage    Failure   Level
a - Slow                  Hex            16%        N/A       13%         1

Your spell library contained the following spells:

 Spells                   Type           Power      Damage    Failure   Level
 Inner Flame              Hex/Fire       2%         N/A       56%         3
 Portal Projectile        Hex/Tloc       4%         N/A       56%         3
 Cause Fear               Hex            2%         N/A       80%         4

Inventory:

Hand Weapons
 q - the +4 triple crossbow "Goblin's Demise" (weapon) {freeze, Drain Str+4 Dex+5}
   (You acquired it on level 5 of the Lair of Beasts)

   Str:       It affects your strength (+4).
   Dex:       It affects your dexterity (+5).
   Drain:     It drains your maximum health when unequipped.
Armour
 e - a +2 pair of boots
 g - the +1 pair of boots of the Pleiades (worn) {rCorr Str+4 Int-5}
   (Okawaru gifted it to you on level 4 of the Swamp)

   Str:       It affects your strength (+4).
   Int:       It affects your intelligence (-5).
   rCorr:     It protects you from acid and corrosion.
 h - a +0 cloak (worn)
 s - a +2 helmet of see invisible (worn)
 t - the +9 ring mail of Patterns (worn) {rF+ SInv}
   (You bought it in a shop on level 2 of the Orcish Mines)

   rF:        It protects you from fire.
   SInv:      It lets you see invisible.
 v - a +1 pair of gloves of stealth (worn)
 w - the +0 helmet of Sloth {-Tele Rampage rPois rF+}
   (You bought it in a shop on level 2 of the Orcish Mines)

   rF:        It protects you from fire.
   rPois:     It protects you from poison.
   -Tele:     It prevents most forms of teleportation.
   Rampage:   It bestows one free step when moving towards enemies.
Jewellery
 c - a +4 ring of protection (left hand)
 j - a +5 ring of evasion (right hand)
 m - the amulet of Zeifaceu {-Tele Harm Regen+ Int+2}
   (You found it on level 14 of the Dungeon)

   [amulet of regeneration]

   Int:       It affects your intelligence (+2).
   -Tele:     It prevents most forms of teleportation.
   Regen:     It increases your rate of health regeneration.
   Harm:      It increases damage dealt and taken.
 x - a ring of protection from fire
Wands
 u - a wand of digging (20)
Scrolls
 a - 5 scrolls of identify
 i - 5 scrolls of enchant weapon
 r - 2 scrolls of teleportation
Potions
 d - 2 potions of enlightenment
 f - a potion of resistance
 k - 2 potions of cancellation
 l - 5 potions of might
 n - 4 potions of mutation
 o - 6 potions of curing
 p - 2 potions of magic

Dungeon Overview and Level Annotations

Branches:
Dungeon (15/15)            Temple (1/1) D:7            Lair (5/5) D:8
  Swamp (4/4) Lair:2       Spider (3/4) Lair:2        Slime (0/5) Lair:5
    Orc (2/2) D:10            Elf (0/3) Orc:2        Vaults (3/5) D:14
  Crypt (0/3) Vaults:2     Depths (0/4) D:15          Sewer (visited)

Altars:
Ashenzari
Cheibriados
Dithmenos
Elyvilon
Fedhas
Gozag
Hepliaklqana
Kikubaaqudgha
Makhleb
Nemelex Xobeh
Okawaru
Qazlal
Ru
Sif Muna
Trog
Uskayaw
Vehumet
Wu Jian
Xom
Yredelemnul
Zin
The Shining One

Shops:
D:4 =   D:8 [   D:9 :*   Orc:2 *[[[   Vaults:2 *

Portals:
Trove: Vaults:1 (give +2 gold dragon scales)

Annotations:
D:10 3 runed translucent doors, qw's ghost, journeyman GrHs
Lair:5 1 runed translucent door


Message History

You pass through the gate.
Welcome back to the Vaults!
You shoot a bolt. The bolt hits the sun demon!
The bolt freezes the sun demon.
The sun demon is moderately wounded.
The vault sentinel casts a spell at you.
A sentinel's mark forms upon you. The sun demon completely misses you.
You shoot a bolt. The bolt barely misses the sun demon.
The vault sentinel hits you but does no damage.
The starcursed mass shrieks in your mind.
The vault sentinel misses you.
The necromancer hits you but does no damage.
The sun demon hits you but does no damage.
An ironbound preserver zombie comes into view.
32591 ||| READING 3 scrolls of teleportation.
As you read the scroll of teleportation, it crumbles to dust.
You feel strangely unstable. The vault sentinel misses you.
The starcursed mass shrieks in your mind.
The vault sentinel hits you but does no damage.
The necromancer completely misses you. The sun demon misses you.
You shoot a bolt. The bolt hits the sun demon!
The bolt freezes the sun demon!
The sun demon is severely wounded.
The sun demon completely misses you.
The starcursed mass shrieks in your mind.
The vault sentinel casts a spell at you.
You barely resist.
The necromancer hits you but does no damage.
Space warps horribly around you!
The vault sentinel blows a loud note on a signal horn!
The sun demon closely misses you.
You shoot a bolt. The bolt hits the sun demon!!
The bolt freezes the sun demon.
You kill the sun demon!
Okawaru accepts your kill.
The vault sentinel blows a loud note on a signal horn!
The vault sentinel closely misses you.
The starcursed mass shrieks in your mind.
The necromancer hits you but does no damage.
Space warps horribly around you!
You die...

#.......# #.......##########
#...)..%))).......
#.......).........
#..Z..............
#ZX############...
#cZ#..........#...
#pp#..........#...
#@.#..........#...
#p.#..........#...
#..#........^.#...
#..#..........#...
#).#..........#...
#..#..........#...
################..#'##########...
.................................
.................................


You could see a starcursed mass, 2 vault sentinels, a yaktaur, a necromancer, an
ironbound preserver zombie, a tengu reaver zombie and a glowing shapeshifter
skeleton.

Vanquished Creatures
  the Lernaean hydra (Swamp:4)
  A profane servitor (Abyss:2)
  A bone dragon (Abyss:2)
  Arachne (Spider:2)
  A tentacled monstrosity (Vaults:2)
  Rupert (Lair:3)
  2 liches
  Agnes (Spider:3)
  4 tentacled starspawn (Abyss:2)
  Frances (D:13)
  A thorn hunter (Swamp:2)
  Aizul (Spider:2)
  Kirke (Lair:3)
  A tengu reaver (Vaults:1)
  A balrug (Abyss:2)
  2 ghost moths
  An emperor scorpion (Spider:1)
  8 vault wardens
  An orc warlord (Vaults:3)
  2 broodmothers
  10 ironbound thunderhulks
  3 formless jellyfish
  14 ironbound preservers
  A green draconian (Abyss:2)
  4 eleionomae
  A lorocyproca (Abyss:2)
  6 bunyips
  A black draconian (Abyss:2)
  7 dire elephants
  An ettin (Vaults:1)
  A spark wasp (Spider:2)
  Snorg (Orc:1)
  4 yaktaur captains
  4 entropy weavers
  Fannar (Lair:3)
  Josephine (Swamp:1)
  3 great orbs of eyes
  2 jorogumos (Spider:3)
  2 vault guards (Vaults:2)
  2 peacekeepers (Vaults:2)
  2 rakshasas (Abyss:2)
  4 ghost crabs
  22 hydras
  5 ironbound frosthearts
  2 radroaches (Spider:1)
  8 centaur warriors
  10 alligators
  4 ogre magi
  10 boulder beetles
  A tengu warrior (D:13)
  10 two-headed ogres
  3 orc high priests
  A demonic crawler (Spider:1)
  5 sun demons
  A deep elf knight (D:15)
  2 wretched stars (Abyss:2)
  2 skysharks
  Amaemon (Lair:3)
  An iron troll (Orc:2)
  2 sun moths
  9 skeletal warriors
  3 orb spiders
  3 pharaoh ants
  3 goliath frogs
  2 death drakes
  A spatial maelstrom (Abyss:2)
  3 bunyip zombies (Swamp:4)
  A spriggan druid (Swamp:3)
  2 glowing orange brains
  2 bunyip skeletons (Swamp:4)
  5 bog bodies
  44 deep trolls
  9 swamp dragons
  13 ironbound convokers
  A phantasmal warrior (Vaults:2)
  14 lindwurms
  A deep elf archer (D:15)
  A spriggan simulacrum (Swamp:4)
  2 steelbarb worms (Spider:3)
  7 wizards
  A deep elf pyromancer (D:14)
  5 necromancers
  37 ugly things
  4 orc knights
  10 wolf spiders
  3 deep elf zephyrmancers (D:15)
  3 manticores
  2 harpies (Vaults:1)
  A stone giant zombie (Vaults:3)
  8 cyclopes
  2 will-o-the-wisps
  An orc sorcerer (D:15)
  2 worldbinders (Abyss:2)
  5 black mambas
  27 slime creatures
  A stone giant skeleton (Vaults:3)
  Maurice (D:8)
  14 elephants
  A rust devil (Abyss:2)
  A centaur zombie (Abyss:2)
  A cane toad (shapeshifter) (D:15)
  A smoke demon (Abyss:2)
  A naga mage (D:15)
  2 apocalypse crabs (Abyss:2)
  12 vault sentinels
  7 torpor snails
  12 cane toads
  A human zombie (Vaults:3)
  5 gargoyles
  2 hellions (Abyss:2)
  3 orange demons
  2 kobold demonologists (D:11)
  An unseen horror (shapeshifter) (Abyss:2)
  7 komodo dragons
  An ice devil (Abyss:2)
  An unseen horror (Abyss:2)
  A redback zombie (D:15)
  16 yaktaurs
  5 tengu conjurers
  2 efreet (D:14)
  A tormentor (Abyss:2)
  2 rime drakes
  5 ancient zymes (Abyss:2)
  4 meliai
  A hornet (shapeshifter) (D:14)
  2 hellwings (Abyss:2)
  10 tyrant leeches
  11 hornets
  15 trolls
  10 polar bears (Lair:5)
  Prince Ribbit (D:8)
  22 tarantellas
  14 raiju
  A bloated husk (Swamp:3)
  15 blink frogs
  A centaur simulacrum (D:15)
  32 jumping spiders
  3 spriggans (Swamp:2)
  4 ynoxinuls (Abyss:2)
  A shadow (D:12)
  8 culicivoras
  46 yaks
  11 wyverns
  4 fire bats (Abyss:2)
  14 starcursed masses
  9 wraiths
  5 basilisks
  A hog (Lair:3)
  A steam dragon (D:6)
  6 humans
  3 neqoxecs
  41 redbacks
  6 chaos spawn
  3 spatial vortices (Abyss:2)
  8 vampire mosquitoes (D:13)
  10 wargs
  A glowing shapeshifter zombie (Vaults:3)
  5 acid dragons
  15 water moccasins
  19 swamp worms
  8 large abominations (Abyss:2)
  11 hell hounds (Lair:5)
  An ice beast (D:6)
  11 swamp drakes
  A sky beast (D:8)
  23 ogres
  16 orc warriors
  A black bear (shapeshifter) (D:15)
  13 black bears
  20 wolves
  6 centaurs
  A swamp dragon skeleton (Swamp:4)
  4 kobold brigands
  11 bullfrogs
  11 scorpions
  An ogre simulacrum (Vaults:3)
  9 wights
  11 killer bees
  8 howler monkeys
  5 electric eels
  A crimson imp (D:6)
  2 iron imps (Abyss:2)
  3 hounds
  A jelly (D:8)
  3 quasits (Abyss:2)
  11 orc priests
  3 gnoll boudas
  A sleepcap (D:5)
  6 iguanas
  15 orc wizards
  A boggart zombie (D:15)
  11 small abominations (Abyss:2)
  14 gnolls
  13 adders
  9 river rats
  6 white imps
  3 ufetubi (Abyss:2)
  7 worms
  A dart slug (D:4)
  61 orcs
  17 ball pythons
  5 endoplasms
  5 giant cockroaches
  7 goblins
  8 hobgoblins
  3 jackals (D:3)
  8 quokkas
  3 bats
  3 frilled lizards (D:3)
  19 kobolds
  36 rats
  A lurking horror (Abyss:2)
  3 starspawn tentacles (Abyss:2)
1369 creatures vanquished.

Vanquished Creatures (others)
  2 skeletal warriors (D:15)
  A hellwing (Abyss:2)
  A small abomination (Abyss:2)
  An orc wizard (Orc:2)
  A lurking horror (Abyss:2)
  6 starspawn tentacles (Abyss:2)
12 creatures vanquished.

Grand Total: 1381 creatures vanquished

Notes
Turn   | Place    | Note
-------+----------+-------------------------------------------
     0 | D:1      | qw the Gargoyle Hexslinger began the quest for the Orb.
     0 | D:1      | Reached XP level 1. HP: 12/12 MP: 2/2
     0 | D:1      | 0 ||| qw: Version: 0.3-a-52-g30416fa
     0 | D:1      | 0 ||| qw: Game counter: 7844
     0 | D:1      | 0 ||| qw: Melee chars always use a shield: true
     0 | D:1      | 0 ||| qw: God list: Okawaru
     0 | D:1      | 0 ||| qw: Allow faded altars: false
     0 | D:1      | 0 ||| qw: Do Orc after clearing Dungeon:15 true
     0 | D:1      | 0 ||| qw: Do second Lair branch before Depths: true
     0 | D:1      | 0 ||| qw: Lair rune preference: random
     0 | D:1      | 0 ||| qw: Goals: Normal
     0 | D:1      | 0 ||| PLANNING D:1-11
   153 | D:1      | Reached XP level 2. HP: 16/16 MP: 3/3
   291 | D:1      | Found a faded altar of an unknown god.
   518 | D:1      | Reached skill level 3 in Ranged Weapons
   994 | D:1      | 994 ||| UPGRADING to +0 ring mail.
  1004 | D:1      | 1004 ||| DROPPING +0 robe.
  1005 | D:1      | 1005 ||| READING scroll labelled UGEASE RUMNI.
  1008 | D:1      | 1008 ||| READING scroll labelled QYKYRI SUZOAS.
  1009 | D:1      | 1009 ||| READING scroll labelled XISIMU QAITTAE.
  1010 | D:1      | 1010 ||| DROPPING scroll of poison.
  1076 | D:2      | Reached XP level 3. HP: 21/21 MP: 4/4
  1610 | D:2      | 1610 ||| READING scroll labelled VADGHU FAERU.
  1626 | D:3      | Reached XP level 4. HP: 26/26 MP: 5/5
  1907 | D:3      | Reached skill level 1 in Armour
  2417 | D:3      | 2417 ||| READING scroll labelled NYCLUI BORGHARO.
  2417 | D:3      | Identified a scroll of acquirement
  2417 | D:3      | 2417 ||| ACQUIRING +3 greatsling "Punk" {acid, rCorr}
  2417 | D:3      | Acquired the +3 greatsling "Punk" {acid, rCorr}
  2417 | D:3      | Found the +3 greatsling "Punk" {acid, rCorr}
  2419 | D:3      | 2419 ||| SWAPPING to +3 greatsling "Punk" {acid, rCorr}.
  2420 | D:3      | 2420 ||| DROPPING +2 sling.
  2549 | D:4      | Noticed a black bear
  2553 | D:4      | Killed a black bear
  2554 | D:4      | Reached XP level 5. HP: 30/30 MP: 6/6
  2580 | D:4      | Found Dodyts's Jewellery Boutique.
  2591 | D:4      | 2591 ||| SHOPLISTING +4 ring of protection (396 gold, have
                  | 103).
  2591 | D:4      | 2591 ||| SHOPLISTING +6 ring of dexterity (396 gold, have
                  | 103).
  2591 | D:4      | 2591 ||| SHOPLISTING ring of Byxkyita {Fire Stlth+} (382
                  | gold, have 103).
  2591 | D:4      | 2591 ||| SHOPLISTING ring of protection from cold (275
                  | gold, have 103).
  2591 | D:4      | 2591 ||| SHOPLISTING ring of protection from fire (275
                  | gold, have 103).
  2591 | D:4      | 2591 ||| SHOPLISTING ring of see invisible (165 gold, have
                  | 103).
  2591 | D:4      | 2591 ||| SHOPLISTING ring of willpower (275 gold, have
                  | 103).
  2600 | D:4      | Identified the +1 leather armour of Tirghifad {Harm}
  2644 | D:4      | Reached skill level 3 in Fighting
  2644 | D:4      | Reached XP level 6. HP: 37/37 MP: 7/7
  3217 | D:4      | 3217 ||| DROPPING +1 leather armour of Tirghifad {Harm}.
  3218 | D:4      | 3218 ||| UPGRADING to +2 ring mail of cold resistance.
  3228 | D:4      | 3228 ||| DROPPING +0 ring mail.
  3229 | D:4      | 3229 ||| READING 5 scrolls of identify.
  3229 | D:4      | 3229 ||| IDENTIFYING brown potion
  3230 | D:4      | 3230 ||| READING 4 scrolls of identify.
  3230 | D:4      | 3230 ||| IDENTIFYING puce potion
  3231 | D:4      | 3231 ||| READING 3 scrolls of identify.
  3231 | D:4      | 3231 ||| IDENTIFYING bubbling clear potion
  3232 | D:4      | 3232 ||| READING 2 scrolls of identify.
  3232 | D:4      | 3232 ||| IDENTIFYING red potion
  3233 | D:4      | 3233 ||| DROPPING potion of magic.
  3234 | D:4      | 3234 ||| DROPPING potion of ambrosia.
  3235 | D:4      | 3235 ||| DROPPING potion of brilliance.
  3259 | D:5      | Entered Level 5 of the Dungeon
  3260 | D:5      | 3260 ||| PLANNING SEWER
  3262 | D:5      | Reached skill level 6 in Ranged Weapons
  3283 | D:5      | Found a glowing drain.
  3284 | D:5      | 3284 ||| READING scroll labelled OPLODE JICZYISS.
  3304 | Sewer    | Entered a sewer
  3318 | Sewer    | 3318 ||| Stepping ~*~*~tactically~*~*~ (water).
  3333 | Sewer    | Reached XP level 7. HP: 43/43 MP: 8/8
  3346 | Sewer    | 3346 ||| Stepping ~*~*~tactically~*~*~ (water).
  3493 | Sewer    | 3493 ||| Stepping ~*~*~tactically~*~*~ (water).
  3568 | Sewer    | 3568 ||| Stepping ~*~*~tactically~*~*~ (water).
  3587 | Sewer    | HP: 7/43 [bullfrog (5)]
  3588 | Sewer    | 3588 ||| DRINKING 2 potions of heal wounds.
  3705 | Sewer    | 3705 ||| READING scroll labelled JOATUPHANTES.
  3806 | Sewer    | 3806 ||| READING 2 scrolls labelled HELLAZX ILACW.
  3807 | Sewer    | 3807 ||| READING scroll labelled FYZXIUBREPN.
  3808 | Sewer    | 3808 ||| DRINKING 2 fuming black potions.
  3837 | Sewer    | 3837 ||| READING 2 scrolls of identify.
  3837 | Sewer    | 3837 ||| IDENTIFYING inky potion
  3838 | Sewer    | 3838 ||| DROPPING potion of lignification.
  3839 | Sewer    | 3839 ||| DROPPING scroll of butterflies.
  3843 | D:5      | 3843 ||| PLANNING D:1-11
  3879 | D:5      | Reached XP level 8. HP: 48/48 MP: 9/9
  4029 | D:5      | 4029 ||| Stepping ~*~*~tactically~*~*~ (outnumbered).
  4127 | D:5      | Found a shimmering altar of Xom.
  4150 | D:5      | Reached skill level 9 in Ranged Weapons
  4484 | D:5      | 4484 ||| UPGRADING to +4 ring of protection.
  4485 | D:5      | 4485 ||| DRINKING 2 dark potions.
  4588 | D:6      | 4588 ||| FLEEEEING.
  4589 | D:6      | 4589 ||| FLEEEEING.
  4590 | D:6      | 4590 ||| FLEEEEING.
  4591 | D:6      | 4591 ||| FLEEEEING.
  4592 | D:6      | 4592 ||| FLEEEEING.
  4593 | D:6      | 4593 ||| FLEEEEING.
  4594 | D:6      | 4594 ||| FLEEEEING.
  4595 | D:6      | 4595 ||| FLEEEEING.
  4596 | D:6      | 4596 ||| FLEEEEING.
  4597 | D:6      | 4597 ||| FLEEEEING.
  4598 | D:6      | 4598 ||| FLEEEEING.
  4599 | D:6      | 4599 ||| STAIRDANCE
  4635 | D:6      | 4635 ||| STAIRDANCE
  4805 | D:6      | 4805 ||| Stepping ~*~*~tactically~*~*~ (outnumbered).
  4807 | D:6      | 4807 ||| Stepping ~*~*~tactically~*~*~ (outnumbered).
  4810 | D:6      | Reached skill level 6 in Fighting
  4818 | D:6      | Reached XP level 9. HP: 21/55 MP: 10/10
  4890 | D:6      | 4890 ||| FLEEEEING.
  4894 | D:6      | 4894 ||| FLEEEEING.
  4895 | D:6      | 4895 ||| FLEEEEING.
  4896 | D:6      | 4896 ||| FLEEEEING.
  4897 | D:6      | 4897 ||| FLEEEEING.
  4898 | D:6      | 4898 ||| FLEEEEING.
  4899 | D:6      | 4899 ||| FLEEEEING.
  4900 | D:6      | 4900 ||| FLEEEEING.
  4901 | D:6      | 4901 ||| FLEEEEING.
  4902 | D:6      | 4902 ||| FLEEEEING.
  4903 | D:6      | 4903 ||| FLEEEEING.
  4905 | D:6      | 4905 ||| FLEEEEING.
  4906 | D:6      | 4906 ||| FLEEEEING.
  4907 | D:6      | 4907 ||| FLEEEEING.
  4910 | D:6      | 4910 ||| FLEEEEING.
  4913 | D:6      | 4913 ||| STAIRDANCE
  4942 | D:5      | 4942 ||| UPGRADING to +0 helmet.
  4958 | D:6      | Found a radiant altar of Vehumet.
  4958 | D:6      | Found a burning altar of Makhleb.
  5016 | D:6      | Identified the +6 trident "Xufedu" {freeze, Str+3 Int+5
                  | SInv}
  5080 | D:6      | Found a stormy altar of Qazlal.
  5260 | D:7      | You fall into a shaft and drop 3 floors!
  5260 | D:10     | Entered Level 10 of the Dungeon
  5349 | D:10     | Killed a large slime creature
  5550 | D:9      | Found an ancient bone altar of Kikubaaqudgha.
  5592 | D:10     | Reached skill level 3 in Armour
  5596 | D:10     | Reached skill level 3 in Dodging
  5683 | D:10     | Reached XP level 10. HP: 63/63 MP: 11/11
  5689 | D:10     | Found a runed translucent gate.
  5689 | D:10     | Found a runed translucent gate.
  5689 | D:10     | Found a runed translucent gate.
  5699 | D:10     | 5699 ||| FLEEEEING.
  5715 | D:10     | 5715 ||| FLEEEEING.
  5716 | D:10     | 5716 ||| FLEEEEING.
  5717 | D:10     | 5717 ||| FLEEEEING.
  5718 | D:10     | 5718 ||| FLEEEEING.
  5719 | D:10     | 5719 ||| FLEEEEING.
  5720 | D:10     | 5720 ||| FLEEEEING.
  5730 | D:10     | Noticed qw's ghost (journeyman GrHs)
  5775 | D:10     | Found a glowing silver altar of Zin.
  5809 | D:10     | 5809 ||| UPGRADING to +0 troll leather armour.
  5819 | D:10     | 5819 ||| DROPPING +2 ring mail of cold resistance.
  5820 | D:10     | 5820 ||| DROPPING +4 ring mail.
  5850 | D:8      | Reached skill level 12 in Ranged Weapons
  5851 | D:8      | Identified the ring of Rareo {rPois rF- rCorr Str+6 Int+4
                  | Stlth+}
  5909 | D:8      | 5909 ||| READING scroll labelled TELYEQ WOAMP.
  5917 | D:8      | 5917 ||| READING 2 scrolls of identify.
  5917 | D:8      | 5917 ||| IDENTIFYING murky brown potion
  5990 | D:9      | Found Jaof's Self-Improvement Boutique.
  6072 | D:9      | Reached skill level 9 in Fighting
  6147 | D:8      | Found Yfyrerem's Armour Emporium.
  6189 | D:8      | Reached XP level 11. HP: 71/71 MP: 12/12
  6195 | D:8      | Noticed Prince Ribbit
  6199 | D:8      | Killed Prince Ribbit
  6209 | D:8      | 6209 ||| READING scroll labelled JUSIRI IQASES.
  6210 | D:8      | 6210 ||| READING 2 scrolls of identify.
  6210 | D:8      | 6210 ||| IDENTIFYING orange potion
  6285 | D:7      | 6285 ||| Stepping ~*~*~tactically~*~*~ (outnumbered).
  6297 | D:7      | 6297 ||| Stepping ~*~*~tactically~*~*~ (outnumbered).
  6364 | D:7      | 6364 ||| Stepping ~*~*~tactically~*~*~ (outnumbered).
  6500 | D:7      | Found a staircase to the Ecumenical Temple.
  6501 | D:7      | 6501 ||| PLANNING TEMPLE
  6501 | D:7      | 6501 ||| READING scroll labelled PERARAA CACA.
  6502 | D:7      | 6502 ||| READING 3 scrolls of identify.
  6502 | D:7      | 6502 ||| IDENTIFYING ruby potion
  6503 | D:7      | 6503 ||| DROPPING potion of invisibility.
  6512 | Temple   | Entered the Ecumenical Temple
  6516 | Temple   | 6516 ||| PLANNING OKAWARU WORSHIP
  6639 | Temple   | 6639 ||| READING scroll labelled ZOFIKA JIUTS.
  6653 | Temple   | Became a worshipper of Warmaster Okawaru
  6654 | Temple   | 6654 ||| PLANNING D:1-11
  6709 | D:7      | Found a blossoming altar of Fedhas.
  6812 | D:7      | 6812 ||| DROPPING ring of Rareo {rPois rF- rCorr Str+6
                  | Int+4 Stlth+}.
  6813 | D:7      | 6813 ||| DROPPING ring of ice.
  6814 | D:7      | 6814 ||| UPGRADING to +5 ring of evasion.
  6815 | D:7      | 6815 ||| READING scroll labelled FUHIN YSHOGU.
  6944 | D:8      | Noticed Maurice
  6945 | D:8      | Noticed a cyclops
  6946 | D:8      | Paralysed by Maurice for 5 turns
  6960 | D:8      | Killed a cyclops
  6972 | D:8      | Killed Maurice
  7015 | D:8      | Reached * piety under Okawaru
  7142 | D:8      | 7142 ||| INVOKING Heroism.
  7355 | D:8      | Noticed a two-headed ogre
  7359 | D:8      | Killed a two-headed ogre
  7368 | D:8      | Found a staircase to the Lair.
  7679 | D:8      | 7679 ||| PLANNING LAIR
  7679 | D:8      | 7679 ||| UPGRADING to +0 cloak.
  7684 | D:8      | 7684 ||| DROPPING ring of see invisible.
  7775 | Lair:1   | Entered Level 1 of the Lair of Beasts
  7783 | Lair:1   | Reached skill level 1 in Invocations
  7793 | Lair:1   | Identified the +1 leather armour of the Falcon {-Tele rElec
                  | SInv}
  8328 | Lair:1   | 8328 ||| INVOKING Heroism.
  8419 | Lair:1   | Reached ** piety under Okawaru
  8420 | Lair:1   | Reached skill level 3 in Invocations
  8974 | Lair:1   | 8974 ||| DROPPING +1 leather armour of the Falcon {-Tele
                  | rElec SInv}.
  8975 | Lair:1   | 8975 ||| DROPPING ring of willpower.
  9040 | Lair:2   | 9040 ||| INVOKING Heroism.
  9091 | Lair:2   | Found a hole to the Spider Nest.
  9198 | Lair:2   | 9198 ||| INVOKING Heroism.
  9203 | Lair:2   | Reached XP level 12. HP: 80/80 MP: 12/15
  9305 | Lair:2   | 9305 ||| INVOKING Heroism.
  9373 | Lair:2   | Noticed a seven-headed hydra
  9374 | Lair:2   | 9374 ||| Stepping ~*~*~tactically~*~*~ (water).
  9376 | Lair:2   | 9376 ||| Stepping ~*~*~tactically~*~*~ (water).
  9377 | Lair:2   | 9377 ||| INVOKING Heroism.
  9381 | Lair:2   | Killed a seven-headed hydra
  9401 | Lair:2   | 9401 ||| Stepping ~*~*~tactically~*~*~ (water).
  9405 | Lair:2   | Noticed a four-headed hydra
  9406 | Lair:2   | 9406 ||| INVOKING Heroism.
  9411 | Lair:2   | Killed a four-headed hydra
  9419 | Lair:2   | Reached skill level 12 in Fighting
  9427 | Lair:2   | Reached *** piety under Okawaru
  9452 | Lair:2   | Found a staircase to the Swamp.
  9538 | Lair:2   | 9538 ||| READING 2 scrolls of identify.
  9538 | Lair:2   | 9538 ||| IDENTIFYING emerald potion
  9617 | Lair:2   | Reached skill level 6 in Dodging
  9841 | Lair:2   | 9841 ||| Stepping ~*~*~tactically~*~*~ (outnumbered).
  9943 | Lair:2   | Noticed a boulder beetle
  9944 | Lair:2   | 9944 ||| INVOKING Heroism.
  9957 | Lair:2   | Killed a boulder beetle
 10206 | Lair:3   | Reached **** piety under Okawaru
 10221 | Lair:3   | Noticed Rupert
 10222 | Lair:3   | 10222 ||| INVOKING Heroism.
 10239 | Lair:3   | Noticed a seven-headed hydra
 10249 | Lair:3   | Killed Rupert
 10250 | Lair:3   | Reached skill level 6 in Armour
 10251 | Lair:3   | HP: 18/84 [seven-headed hydra (7)]
 10252 | Lair:3   | 10252 ||| READING scroll of teleportation.
 10253 | Lair:3   | 10253 ||| DRINKING potion of heal wounds.
 10255 | Lair:3   | Killed a seven-headed hydra
 10257 | Lair:3   | 10257 ||| FLEEEEING.
 10258 | Lair:3   | 10258 ||| FLEEEEING.
 10259 | Lair:3   | 10259 ||| INVOKING Heroism.
 10260 | Lair:3   | 10260 ||| FLEEEEING.
 10261 | Lair:3   | 10261 ||| FLEEEEING.
 10262 | Lair:3   | 10262 ||| STAIRDANCE
 10317 | Lair:3   | Reached skill level 6 in Invocations
 10334 | Lair:3   | 10334 ||| INVOKING Heroism.
 10339 | Lair:3   | Reached XP level 13. HP: 88/88 MP: 14/17
 10403 | Lair:3   | Noticed Amaemon
 10404 | Lair:3   | 10404 ||| INVOKING Heroism.
 10414 | Lair:3   | Killed Amaemon
 10458 | Lair:3   | 10458 ||| INVOKING Heroism.
 10559 | Lair:3   | Reached ***** piety under Okawaru
 10577 | Lair:3   | 10577 ||| FLEEEEING.
 10587 | Lair:3   | 10587 ||| STAIRDANCE
 10631 | Lair:3   | Identified the +8 scimitar of Tazaelu {antimagic, rN+ Str-5
                  | Stlth+}
 10688 | Lair:3   | Noticed Fannar
 10699 | Lair:3   | 10699 ||| INVOKING Heroism.
 10701 | Lair:3   | Killed Fannar
 10717 | Lair:3   | Received a gift from Okawaru
 10954 | Lair:3   | Noticed Kirke
 10955 | Lair:3   | 10955 ||| DRINKING potion of cancellation.
 10956 | Lair:3   | 10956 ||| INVOKING Heroism.
 10957 | Lair:3   | 10957 ||| INVOKING Finesse.
 10969 | Lair:3   | Killed Kirke
 11121 | Lair:3   | 11121 ||| INVOKING Heroism.
 11409 | Lair:4   | 11409 ||| INVOKING Heroism.
 11412 | Lair:4   | Reached skill level 9 in Invocations
 11776 | Lair:4   | Identified the +1 robe of the Ditch-Digger {Dex+2}
 12180 | Lair:4   | 12180 ||| DROPPING +1 robe of the Ditch-Digger {Dex+2}.
 12209 | Lair:5   | Entered Level 5 of the Lair of Beasts
 12212 | Lair:5   | 12212 ||| INVOKING Heroism.
 12228 | Lair:5   | Reached skill level 15 in Fighting
 12237 | Lair:5   | Found a staircase to the Slime Pits.
 12260 | Lair:5   | Gained mutation: Your large and strong wings let you fly.
                  | [Gargoyle growth]
 12260 | Lair:5   | Reached XP level 14. HP: 98/98 MP: 21/21
 12348 | Lair:5   | 12348 ||| INVOKING Heroism.
 12470 | Lair:5   | Received a gift from Okawaru
 12477 | Lair:5   | 12477 ||| DROPPING +2 longbow of electrocution.
 12521 | Lair:5   | Found a runed translucent door.
 12523 | Lair:5   | 12523 ||| INVOKING Heroism.
 12565 | Lair:5   | 12565 ||| INVOKING Heroism.
 12656 | Lair:5   | 12656 ||| INVOKING Heroism.
 12780 | Lair:5   | 12780 ||| INVOKING Heroism.
 13056 | Lair:5   | 13056 ||| INVOKING Heroism.
 13071 | Lair:5   | 13071 ||| Stepping ~*~*~tactically~*~*~ (outnumbered).
 13089 | Lair:5   | 13089 ||| Stepping ~*~*~tactically~*~*~ (outnumbered).
 13111 | Lair:5   | 13111 ||| INVOKING Heroism.
 13115 | Lair:5   | Identified the +8 crystal plate armour of the Desert
                  | {Contam rF- rC++ Regen+} (Okawaru gifted it to you on level
                  | 5 of the Lair of Beasts)
 13115 | Lair:5   | Received a gift from Okawaru
 13182 | Lair:5   | Reached skill level 9 in Dodging
 13196 | Lair:5   | 13196 ||| READING scroll of acquirement.
 13196 | Lair:5   | 13196 ||| ACQUIRING +4 triple crossbow "Goblin's Demise"
                  | {freeze, Drain Str+4 Dex+5}
 13196 | Lair:5   | Acquired the +4 triple crossbow "Goblin's Demise" {freeze,
                  | Drain Str+4 Dex+5}
 13198 | Lair:5   | 13198 ||| SWAPPING to +4 triple crossbow "Goblin's Demise"
                  | {freeze, Drain Str+4 Dex+5}.
 13199 | Lair:5   | 13199 ||| DROPPING +3 greatsling "Punk" {acid, rCorr}.
 13201 | Lair:5   | Identified the +0 halberd of the World {heavy, rN+ rCorr
                  | Int+3}
 13235 | Lair:5   | 13235 ||| INVOKING Heroism.
 13490 | Lair:5   | 13490 ||| PLANNING D:1-11
 13490 | Lair:5   | 13490 ||| READING 2 scrolls labelled FUIRPH REIPLANK.
 13491 | Lair:5   | 13491 ||| DROPPING scroll of immolation.
 13741 | D:9      | Found Piulaffe's General Store.
 13756 | D:9      | 13756 ||| BUYING potion of curing (36 gold).
 13756 | D:9      | Bought a potion of curing for 36 gold pieces
 13756 | D:9      | Found an opulent altar of Gozag.
 14100 | D:9      | 14100 ||| UPGRADING to +0 pair of boots.
 14142 | D:10     | Found a staircase to the Orcish Mines.
 14331 | D:10     | Found a shimmering blue altar of Sif Muna.
 14552 | D:10     | 14552 ||| READING scroll labelled ZORUMO OTWO.
 14612 | D:11     | 14612 ||| Stepping ~*~*~tactically~*~*~ (outnumbered).
 15028 | D:11     | Found an iron altar of Okawaru.
 15368 | D:11     | 15368 ||| PLANNING D
 15368 | D:11     | 15368 ||| UPGRADING to +0 pair of gloves.
 15373 | D:11     | 15373 ||| READING 2 scrolls of identify.
 15373 | D:11     | 15373 ||| IDENTIFYING lumpy white potion
 15374 | D:11     | 15374 ||| DROPPING potion of degeneration.
 15497 | D:12     | Reached skill level 15 in Ranged Weapons
 15751 | D:12     | 15751 ||| INVOKING Heroism.
 15893 | D:12     | 15893 ||| Stepping ~*~*~tactically~*~*~ (outnumbered).
 15895 | D:12     | 15895 ||| Stepping ~*~*~tactically~*~*~ (outnumbered).
 15896 | D:12     | Gained mutation: Your spells are a little easier to cast,
                  | but a little less powerful. [a neqoxec]
 15897 | D:12     | 15897 ||| Stepping ~*~*~tactically~*~*~ (outnumbered).
 15899 | D:12     | 15899 ||| Stepping ~*~*~tactically~*~*~ (outnumbered).
 15903 | D:12     | Reached XP level 15. HP: 104/104 MP: 22/22
 16034 | D:12     | 16034 ||| DRINKING 2 silvery potions.
 16035 | D:12     | 16035 ||| DROPPING potion of attraction.
 16092 | D:13     | Noticed Frances
 16093 | D:13     | 16093 ||| INVOKING Heroism.
 16094 | D:13     | 16094 ||| INVOKING Finesse.
 16098 | D:13     | Killed Frances
 16262 | D:13     | 16262 ||| Stepping ~*~*~tactically~*~*~ (outnumbered).
 16263 | D:13     | 16263 ||| Stepping ~*~*~tactically~*~*~ (outnumbered).
 16264 | D:13     | 16264 ||| INVOKING Heroism.
 16313 | D:13     | 16313 ||| Stepping ~*~*~tactically~*~*~ (outnumbered).
 16318 | D:13     | 16318 ||| INVOKING Heroism.
 16528 | D:13     | 16528 ||| Stepping ~*~*~tactically~*~*~ (outnumbered).
 16692 | D:14     | Received a gift from Okawaru
 16702 | D:14     | 16702 ||| INVOKING Heroism.
 16885 | D:14     | Found a gate to the Vaults.
 17029 | D:14     | Identified the amulet of Zeifaceu {-Tele Harm Regen+ Int+2}
 17046 | D:14     | 17046 ||| Stepping ~*~*~tactically~*~*~ (outnumbered).
 17051 | D:14     | 17051 ||| Stepping ~*~*~tactically~*~*~ (outnumbered).
 17291 | D:15     | Entered Level 15 of the Dungeon
 17292 | D:15     | 17292 ||| INVOKING Heroism.
 17297 | D:15     | 17297 ||| Stepping ~*~*~tactically~*~*~ (outnumbered).
 17318 | D:15     | Reached skill level 18 in Ranged Weapons
 17318 | D:15     | Received a gift from Okawaru
 17530 | D:15     | 17530 ||| INVOKING Heroism.
 17531 | D:15     | 17531 ||| Stepping ~*~*~tactically~*~*~ (outnumbered).
 17536 | Abyss:2  | Found a corrupted altar of Lugonu.
 17536 | Abyss:2  | Cast into level 2 of the Abyss (a wizard)
 17657 | D:15     | Escaped the Abyss
 17658 | D:15     | 17658 ||| INVOKING Heroism.
 17693 | D:15     | Found a staircase to the Depths.
 17879 | D:15     | Found a bloodstained altar of Trog.
 17931 | D:15     | 17931 ||| INVOKING Heroism.
 17941 | D:15     | Reached XP level 16. HP: 104/110 MP: 23/23
 17993 | D:15     | 17993 ||| INVOKING Heroism.
 18005 | D:15     | Reached ****** piety under Okawaru
 18054 | D:15     | 18054 ||| INVOKING Heroism.
 18074 | D:15     | Received a gift from Okawaru
 18207 | D:15     | 18207 ||| PLANNING ORC
 18207 | D:15     | 18207 ||| UPGRADING to +1 pair of gloves of stealth.
 18217 | D:15     | 18217 ||| DROPPING +0 pair of gloves.
 18218 | D:15     | 18218 ||| DROPPING +6 ring of intelligence.
 18339 | Orc:1    | Entered Level 1 of the Orcish Mines
 18339 | Orc:1    | Noticed Snorg
 18343 | Orc:1    | 18343 ||| INVOKING Heroism.
 18344 | Orc:1    | Killed Snorg
 18436 | Orc:1    | 18436 ||| Stepping ~*~*~tactically~*~*~ (outnumbered).
 18438 | Orc:1    | 18438 ||| Stepping ~*~*~tactically~*~*~ (outnumbered).
 18442 | Orc:1    | 18442 ||| Stepping ~*~*~tactically~*~*~ (outnumbered).
 18629 | Orc:1    | 18629 ||| Stepping ~*~*~tactically~*~*~ (outnumbered).
 18633 | Orc:1    | 18633 ||| INVOKING Heroism.
 18699 | Orc:2    | Entered Level 2 of the Orcish Mines
 18738 | Orc:2    | Found a staircase to the Elven Halls.
 18764 | Orc:2    | 18764 ||| INVOKING Heroism.
 18822 | Orc:2    | 18822 ||| INVOKING Heroism.
 18900 | Orc:2    | Found Aluginid's Antique Armour Shop.
 18903 | Orc:2    | Found Keshring's Antique Armour Shoppe.
 18911 | Orc:2    | 18911 ||| BUYING runed helmet (202 gold).
 18911 | Orc:2    | Bought a runed helmet for 202 gold pieces
 18911 | Orc:2    | 18911 ||| BUYING scorched ring mail (243 gold).
 18911 | Orc:2    | Bought a scorched ring mail for 243 gold pieces
 18911 | Orc:2    | Identified the +9 ring mail of Patterns {rF+ SInv} (You
                  | bought it in a shop on level 2 of the Orcish Mines)
 18913 | Orc:2    | Found Ityhed's Assorted Antiques.
 18918 | Orc:2    | Found Xout's Antique Armour Boutique.
 18920 | Orc:2    | 18920 ||| BUYING smoking helmet (247 gold).
 18920 | Orc:2    | Bought a smoking helmet for 247 gold pieces
 18920 | Orc:2    | Identified the +0 helmet of Sloth {-Tele Rampage rPois rF+}
                  | (You bought it in a shop on level 2 of the Orcish Mines)
 18944 | Orc:2    | 18944 ||| BUYING 2 potions of heal wounds (220 gold).
 18944 | Orc:2    | Bought 2 potions of heal wounds for 220 gold pieces
 18944 | Orc:2    | 18944 ||| BUYING long iron wand (88 gold).
 18944 | Orc:2    | Bought a long iron wand for 88 gold pieces
 18944 | Orc:2    | 18944 ||| BUYING potion of heal wounds (110 gold).
 18944 | Orc:2    | Bought a potion of heal wounds for 110 gold pieces
 19005 | Orc:2    | 19005 ||| INVOKING Heroism.
 19092 | Orc:2    | 19092 ||| INVOKING Heroism.
 19424 | Orc:2    | 19424 ||| PLANNING SWAMP:1-3
 19424 | Orc:2    | 19424 ||| UPGRADING to +2 helmet of see invisible.
 19434 | Orc:2    | 19434 ||| DROPPING +0 helmet.
 19435 | Orc:2    | 19435 ||| UPGRADING to +9 ring mail of Patterns {rF+ SInv}.
 19445 | Orc:2    | 19445 ||| DROPPING +0 troll leather armour.
 19446 | Orc:2    | 19446 ||| DROPPING wand of iceblast (8).
 19634 | Swamp:1  | Entered Level 1 of the Swamp
 19642 | Swamp:1  | 19642 ||| FLEEEEING.
 19643 | Swamp:1  | 19643 ||| FLEEEEING.
 19645 | Swamp:1  | 19645 ||| STAIRDANCE
 19870 | Swamp:1  | Noticed Josephine
 19872 | Swamp:1  | Killed Josephine
 19876 | Swamp:1  | Reached skill level 9 in Armour
 20074 | Swamp:1  | 20074 ||| INVOKING Heroism.
 20254 | Swamp:2  | Noticed a thorn hunter
 20255 | Swamp:2  | 20255 ||| INVOKING Heroism.
 20256 | Swamp:2  | 20256 ||| INVOKING Finesse.
 20266 | Swamp:2  | Killed a thorn hunter
 20419 | Swamp:2  | 20419 ||| INVOKING Heroism.
 20423 | Swamp:2  | 20423 ||| Stepping ~*~*~tactically~*~*~ (outnumbered).
 20455 | Swamp:2  | 20455 ||| Stepping ~*~*~tactically~*~*~ (outnumbered).
 20457 | Swamp:2  | Received a gift from Okawaru
 20462 | Swamp:2  | 20462 ||| INVOKING Heroism.
 20469 | Swamp:2  | Reached skill level 21 in Ranged Weapons
 20532 | Swamp:2  | Reached XP level 17. HP: 115/115 MP: 24/24
 20751 | Swamp:2  | 20751 ||| UPGRADING to +2 pair of boots.
 20761 | Swamp:2  | 20761 ||| DROPPING +0 pair of boots.
 20762 | Swamp:2  | 20762 ||| READING 2 scrolls of identify.
 20762 | Swamp:2  | 20762 ||| IDENTIFYING metallic dark potion
 20768 | Swamp:3  | 20768 ||| INVOKING Heroism.
 20825 | Swamp:3  | 20825 ||| Stepping ~*~*~tactically~*~*~ (outnumbered).
 20899 | Swamp:3  | 20899 ||| INVOKING Heroism.
 21179 | Swamp:3  | 21179 ||| PLANNING SPIDER:1-3
 21179 | Swamp:3  | 21179 ||| DROPPING amulet of magic regeneration.
 21317 | Spider:1 | Entered Level 1 of the Spider Nest
 21487 | Spider:1 | 21487 ||| INVOKING Heroism.
 21761 | Spider:1 | 21761 ||| INVOKING Finesse.
 21852 | Spider:1 | 21852 ||| INVOKING Heroism.
 21948 | Spider:1 | Identified the +5 triple sword of Dib Maaj {flame, Dex+2}
                  | (Okawaru gifted it to you on level 1 of the Spider Nest)
 21948 | Spider:1 | Received a gift from Okawaru
 21954 | Spider:1 | 21954 ||| Stepping ~*~*~tactically~*~*~ (outnumbered).
 21973 | Spider:1 | 21973 ||| INVOKING Heroism.
 22193 | Spider:1 | You are sucked into a shaft and drop 1 floor!
 22201 | Spider:2 | 22201 ||| INVOKING Heroism.
 22353 | Spider:1 | 22353 ||| INVOKING Heroism.
 22857 | Spider:2 | 22857 ||| FLEEEEING.
 22965 | Spider:2 | Noticed Aizul
 22966 | Spider:2 | 22966 ||| INVOKING Heroism.
 22967 | Spider:2 | 22967 ||| INVOKING Finesse.
 22982 | Spider:2 | Killed Aizul
 23035 | Spider:2 | 23035 ||| INVOKING Finesse.
 23186 | Spider:2 | 23186 ||| INVOKING Heroism.
 23300 | Spider:2 | Noticed Arachne
 23301 | Spider:2 | 23301 ||| INVOKING Finesse.
 23311 | Spider:2 | Killed Arachne
 23621 | Spider:3 | Noticed Agnes
 23622 | Spider:3 | 23622 ||| INVOKING Heroism.
 23629 | Spider:3 | Killed Agnes
 23791 | Spider:3 | 23791 ||| Stepping ~*~*~tactically~*~*~ (outnumbered).
 23793 | Spider:3 | 23793 ||| INVOKING Heroism.
 23842 | Spider:3 | 23842 ||| INVOKING Heroism.
 23871 | Spider:3 | 23871 ||| INVOKING Finesse.
 23925 | Spider:3 | Reached XP level 18. HP: 122/122 MP: 25/25
 23929 | Spider:3 | 23929 ||| INVOKING Heroism.
 24429 | Spider:3 | 24429 ||| INVOKING Heroism.
 24446 | Spider:3 | 24446 ||| PLANNING SWAMP:4
 24614 | Swamp:4  | Entered Level 4 of the Swamp
 24802 | Swamp:4  | 24802 ||| Stepping ~*~*~tactically~*~*~ (outnumbered).
 24833 | Swamp:4  | Noticed the 27-headed Lernaean hydra
 24834 | Swamp:4  | Reached skill level 18 in Fighting
 24839 | Swamp:4  | 24839 ||| INVOKING Heroism.
 24842 | Swamp:4  | Killed the 27-headed Lernaean hydra
 24845 | Swamp:4  | HP: 30/125 [eight-headed hydra (5)]
 24846 | Swamp:4  | 24846 ||| READING 7 scrolls of teleportation.
 24847 | Swamp:4  | 24847 ||| DRINKING 6 potions of heal wounds.
 24850 | Swamp:4  | 24850 ||| DRINKING 5 potions of heal wounds.
 24860 | Swamp:4  | 24860 ||| FLEEEEING.
 24861 | Swamp:4  | 24861 ||| FLEEEEING.
 24862 | Swamp:4  | 24862 ||| STAIRDANCE
 25136 | Swamp:4  | 25136 ||| Stepping ~*~*~tactically~*~*~ (outnumbered).
 25140 | Swamp:4  | Identified the +1 pair of boots of the Pleiades {rCorr
                  | Str+4 Int-5} (Okawaru gifted it to you on level 4 of the
                  | Swamp)
 25140 | Swamp:4  | Received a gift from Okawaru
 25168 | Swamp:4  | Got a decaying rune of Zot
 25375 | Swamp:4  | Found an ancient bone altar of Kikubaaqudgha.
 25378 | Swamp:4  | 25378 ||| Stepping ~*~*~tactically~*~*~ (cloud).
 25386 | Swamp:4  | 25386 ||| INVOKING Heroism.
 25704 | Swamp:4  | 25704 ||| PLANNING VAULTS:1-4
 25704 | Swamp:4  | 25704 ||| UPGRADING to +1 pair of boots of the Pleiades
                  | {rCorr Str+4 Int-5}.
 25996 | Vaults:1 | Entered Level 1 of the Vaults
 26019 | Vaults:1 | 26019 ||| INVOKING Heroism.
 26020 | Vaults:1 | 26020 ||| INVOKING Finesse.
 26063 | Vaults:1 | Reached skill level 12 in Armour
 26441 | Vaults:1 | 26441 ||| INVOKING Heroism.
 26450 | Vaults:1 | HP: 27/126 [dire elephant (19)]
 26451 | Vaults:1 | 26451 ||| READING 7 scrolls of teleportation.
 26452 | Vaults:1 | 26452 ||| DRINKING 4 potions of heal wounds.
 26494 | Vaults:1 | 26494 ||| INVOKING Heroism.
 26705 | Vaults:1 | Noticed a lich
 26706 | Vaults:1 | 26706 ||| INVOKING Heroism.
 26707 | Vaults:1 | 26707 ||| INVOKING Finesse.
 26710 | Vaults:1 | Killed a lich
 26758 | Vaults:1 | 26758 ||| INVOKING Heroism.
 26764 | Vaults:1 | HP: 31/128 [deep troll[an ironbound preserver] (3)]
 26765 | Vaults:1 | 26765 ||| READING 6 scrolls of teleportation.
 26766 | Vaults:1 | 26766 ||| DRINKING 3 potions of heal wounds.
 26865 | Vaults:1 | Reached XP level 19. HP: 102/132 MP: 26/26
 26947 | Vaults:1 | 26947 ||| FLEEEEING.
 26952 | Vaults:1 | 26952 ||| FLEEEEING.
 26953 | Vaults:1 | 26953 ||| FLEEEEING.
 26954 | Vaults:1 | 26954 ||| FLEEEEING.
 26955 | Vaults:1 | 26955 ||| FLEEEEING.
 26956 | Vaults:1 | 26956 ||| FLEEEEING.
 26957 | Vaults:1 | 26957 ||| FLEEEEING.
 26958 | Vaults:1 | 26958 ||| FLEEEEING.
 26959 | Vaults:1 | 26959 ||| FLEEEEING.
 26960 | Vaults:1 | 26960 ||| FLEEEEING.
 26961 | Vaults:1 | 26961 ||| FLEEEEING.
 26965 | Vaults:1 | 26965 ||| FLEEEEING.
 26973 | Vaults:1 | 26973 ||| STAIRDANCE
 27099 | Vaults:1 | 27099 ||| STAIRDANCE
 27102 | D:14     | 27102 ||| INVOKING Heroism.
 27369 | Vaults:1 | Reached skill level 12 in Dodging
 27528 | Vaults:1 | 27528 ||| INVOKING Heroism.
 27529 | Vaults:1 | 27529 ||| INVOKING Finesse.
 27532 | Vaults:1 | 27532 ||| Stepping ~*~*~tactically~*~*~ (outnumbered).
 27776 | Vaults:1 | 27776 ||| INVOKING Heroism.
 27977 | Vaults:1 | 27977 ||| INVOKING Heroism.
 27978 | Vaults:1 | 27978 ||| INVOKING Finesse.
 28165 | Vaults:1 | Found a portal to a secret trove of treasure.
 28470 | Vaults:2 | 28470 ||| DRINKING 7 potions of curing.
 28470 | Vaults:2 | 28470 ||| (to cure confusion)
 28471 | Vaults:2 | 28471 ||| DRINKING 6 potions of curing.
 28471 | Vaults:2 | 28471 ||| (to cure confusion)
 28525 | Vaults:2 | 28525 ||| Stepping ~*~*~tactically~*~*~ (outnumbered).
 28594 | Vaults:2 | 28594 ||| FLEEEEING.
 28595 | Vaults:2 | 28595 ||| FLEEEEING.
 28596 | Vaults:2 | 28596 ||| FLEEEEING.
 28597 | Vaults:2 | 28597 ||| FLEEEEING.
 28600 | Vaults:2 | 28600 ||| STAIRDANCE
 28705 | Vaults:2 | Identified the +6 crystal plate armour of Lethargy {rN+
                  | Str+3 Int-4} (Okawaru gifted it to you on level 2 of the
                  | Vaults)
 28705 | Vaults:2 | Received a gift from Okawaru
 28848 | Vaults:2 | 28848 ||| Stepping ~*~*~tactically~*~*~ (outnumbered).
 28849 | Vaults:2 | 28849 ||| Stepping ~*~*~tactically~*~*~ (outnumbered).
 28851 | Vaults:2 | 28851 ||| Stepping ~*~*~tactically~*~*~ (outnumbered).
 28857 | Vaults:2 | 28857 ||| FLEEEEING.
 28929 | Vaults:2 | 28929 ||| Stepping ~*~*~tactically~*~*~ (outnumbered).
 28987 | Vaults:2 | Found a staircase to the Crypt.
 28987 | Vaults:2 | Found an ancient bone altar of Kikubaaqudgha.
 28987 | Vaults:2 | Found a basalt altar of Yredelemnul.
 29136 | Vaults:2 | 29136 ||| FLEEEEING.
 29138 | Vaults:2 | 29138 ||| FLEEEEING.
 29139 | Vaults:2 | 29139 ||| FLEEEEING.
 29140 | Vaults:2 | 29140 ||| FLEEEEING.
 29141 | Vaults:2 | 29141 ||| FLEEEEING.
 29142 | Vaults:2 | 29142 ||| FLEEEEING.
 29143 | Vaults:2 | 29143 ||| FLEEEEING.
 29144 | Vaults:2 | 29144 ||| FLEEEEING.
 29145 | Vaults:2 | 29145 ||| FLEEEEING.
 29146 | Vaults:2 | 29146 ||| FLEEEEING.
 29147 | Vaults:2 | 29147 ||| FLEEEEING.
 29148 | Vaults:2 | 29148 ||| FLEEEEING.
 29149 | Vaults:2 | 29149 ||| FLEEEEING.
 29150 | Vaults:2 | 29150 ||| FLEEEEING.
 29153 | Vaults:2 | 29153 ||| FLEEEEING.
 29154 | Vaults:2 | 29154 ||| FLEEEEING.
 29155 | Vaults:2 | 29155 ||| FLEEEEING.
 29156 | Vaults:2 | 29156 ||| FLEEEEING.
 29166 | Vaults:2 | 29166 ||| FLEEEEING.
 29167 | Vaults:2 | 29167 ||| FLEEEEING.
 29168 | Vaults:2 | 29168 ||| FLEEEEING.
 29169 | Vaults:2 | 29169 ||| FLEEEEING.
 29170 | Vaults:2 | 29170 ||| FLEEEEING.
 29171 | Vaults:2 | 29171 ||| FLEEEEING.
 29172 | Vaults:2 | 29172 ||| FLEEEEING.
 29173 | Vaults:2 | 29173 ||| FLEEEEING.
 29174 | Vaults:2 | 29174 ||| FLEEEEING.
 29175 | Vaults:2 | 29175 ||| FLEEEEING.
 29176 | Vaults:2 | 29176 ||| FLEEEEING.
 29177 | Vaults:2 | 29177 ||| FLEEEEING.
 29178 | Vaults:2 | 29178 ||| FLEEEEING.
 29179 | Vaults:2 | 29179 ||| FLEEEEING.
 29180 | Vaults:2 | 29180 ||| FLEEEEING.
 29181 | Vaults:2 | 29181 ||| FLEEEEING.
 29182 | Vaults:2 | 29182 ||| FLEEEEING.
 29184 | Vaults:2 | 29184 ||| FLEEEEING.
 29185 | Vaults:2 | 29185 ||| FLEEEEING.
 29186 | Vaults:2 | 29186 ||| FLEEEEING.
 29187 | Vaults:2 | 29187 ||| FLEEEEING.
 29188 | Vaults:2 | 29188 ||| FLEEEEING.
 29189 | Vaults:2 | 29189 ||| STAIRDANCE
 29224 | Vaults:1 | 29224 ||| READING 3 scrolls of identify.
 29224 | Vaults:1 | 29224 ||| IDENTIFYING smoky blue potion
 29225 | Vaults:1 | 29225 ||| DROPPING potion of berserk rage.
 29472 | Vaults:2 | 29472 ||| INVOKING Heroism.
 29978 | Vaults:2 | Found Nosipnef's General Store.
 29986 | Vaults:2 | 29986 ||| BUYING 2 potions of mutation (224 gold).
 29986 | Vaults:2 | Bought 2 potions of mutation for 224 gold pieces
 29986 | Vaults:2 | 29986 ||| BUYING 3 scrolls of enchant weapon (315 gold).
 29986 | Vaults:2 | Bought 3 scrolls of enchant weapon for 315 gold pieces
 29986 | Vaults:2 | 29986 ||| BUYING potion of magic (112 gold).
 29986 | Vaults:2 | Bought a potion of magic for 112 gold pieces
 29986 | Vaults:2 | 29986 ||| BUYING scroll of identify (28 gold).
 29986 | Vaults:2 | Bought a scroll of identify for 28 gold pieces
 29986 | Vaults:2 | 29986 ||| BUYING scroll of teleportation (42 gold).
 29986 | Vaults:2 | Bought a scroll of teleportation for 42 gold pieces
 30127 | Vaults:2 | Reached XP level 20. HP: 139/142 MP: 27/27
 30312 | Vaults:2 | 30312 ||| INVOKING Heroism.
 30313 | Vaults:2 | 30313 ||| INVOKING Finesse.
 30492 | Vaults:3 | 30492 ||| PLANNING BAZAAR
 30509 | Vaults:3 | Reached skill level 21 in Fighting
 30901 | Vaults:3 | 30901 ||| Stepping ~*~*~tactically~*~*~ (outnumbered).
 31217 | Vaults:3 | 31217 ||| FLEEEEING.
 31218 | Vaults:3 | 31218 ||| FLEEEEING.
 31219 | Vaults:3 | 31219 ||| FLEEEEING.
 31224 | Vaults:3 | Identified the +7 broad axe "qw's Curse" {heavy, Drain
                  | Will- Dex+8}
 31225 | Vaults:3 | Received a gift from Okawaru
 31227 | Abyss:2  | Cast into level 2 of the Abyss (a wizard)
 31285 | Abyss:2  | 31285 ||| Stepping ~*~*~tactically~*~*~ (outnumbered).
 31290 | Abyss:2  | 31290 ||| Stepping ~*~*~tactically~*~*~ (outnumbered).
 31295 | Abyss:2  | 31295 ||| Stepping ~*~*~tactically~*~*~ (outnumbered).
 31306 | Abyss:2  | 31306 ||| Stepping ~*~*~tactically~*~*~ (outnumbered).
 31328 | Abyss:2  | 31328 ||| INVOKING Heroism.
 31392 | Abyss:2  | 31392 ||| INVOKING Heroism.
 31498 | Abyss:2  | 31498 ||| INVOKING Heroism.
 31662 | Vaults:3 | Escaped the Abyss
 31662 | Vaults:3 | 31662 ||| RIP BAZAAR
 31663 | Vaults:3 | 31663 ||| PLANNING VAULTS:1-4
 31668 | Vaults:3 | 31668 ||| INVOKING Heroism.
 31684 | Vaults:3 | HP: 34/145 [starcursed mass/accursed screaming (8)]
 31685 | Vaults:3 | 31685 ||| READING 6 scrolls of teleportation.
 31686 | Vaults:3 | 31686 ||| DRINKING 2 potions of heal wounds.
 31687 | Vaults:3 | Received a gift from Okawaru
 31689 | Vaults:3 | 31689 ||| FLEEEEING.
 31689 | Vaults:3 | HP: 34/145 [starcursed mass/accursed screaming (8)]
 31690 | Vaults:3 | 31690 ||| READING 5 scrolls of teleportation.
 31691 | Vaults:3 | 31691 ||| DRINKING potion of heal wounds.
 31692 | Vaults:3 | 31692 ||| FLEEEEING.
 31693 | Vaults:3 | 31693 ||| FLEEEEING.
 31694 | Vaults:3 | 31694 ||| FLEEEEING.
 31804 | Vaults:3 | 31804 ||| FLEEEEING.
 31805 | Vaults:3 | 31805 ||| FLEEEEING.
 31948 | Vaults:3 | 31948 ||| FLEEEEING.
 31949 | Vaults:3 | 31949 ||| FLEEEEING.
 31950 | Vaults:3 | 31950 ||| FLEEEEING.
 31951 | Vaults:3 | 31951 ||| FLEEEEING.
 31952 | Vaults:3 | 31952 ||| FLEEEEING.
 31972 | Abyss:2  | Cast into level 2 of the Abyss (necromancer)
 31981 | Abyss:2  | 31981 ||| INVOKING Heroism.
 31993 | Abyss:2  | Noticed a profane servitor
 31998 | Abyss:2  | Killed a profane servitor
 32036 | Abyss:2  | 32036 ||| Stepping ~*~*~tactically~*~*~ (outnumbered).
 32037 | Abyss:2  | 32037 ||| INVOKING Heroism.
 32041 | Abyss:2  | HP: 34/145 [starcursed mass/accursed screaming (6)]
 32042 | Abyss:2  | 32042 ||| READING 4 scrolls of teleportation.
 32091 | Abyss:2  | 32091 ||| INVOKING Heroism.
 32372 | Abyss:2  | 32372 ||| INVOKING Heroism.
 32409 | Abyss:2  | 32409 ||| Stepping ~*~*~tactically~*~*~ (outnumbered).
 32533 | Abyss:2  | Noticed a bone dragon
 32542 | Abyss:2  | Killed a bone dragon
 32576 | Abyss:2  | 32576 ||| INVOKING Heroism.
 32588 | Vaults:3 | Escaped the Abyss
 32590 | Vaults:3 | HP: 36/145 [starcursed mass/accursed screaming (8)]
 32591 | Vaults:3 | 32591 ||| READING 3 scrolls of teleportation.
 32592 | Vaults:3 | HP: 10/145 [necromancer/+1 battleaxe of distortion (14)]
 32593 | Vaults:3 | HP: 4/145 [starcursed mass/accursed screaming (6)]
 32593 | Vaults:3 | Mangled by a necromancer

Levels and vault maps discovered:
D:1:      minmay_arrival_semitransparent, layout_basic,
          hellmonk_ecumenical_altar_heavens_door
D:2:      minmay_chambers_of_twos, layout_basic
D:3:      layout_basic
D:4:      layout_cave_pods, serial_shops, nicolae_square_shop, st_stairs_14
D:5:      layout_loops_ring, mainiacjoe_overflow_alcove_1, portal_sewer_entry_a,
          minmay_hedge_maze
D:6:      layout_rooms, grunt_temple_overflow_lords_of_destruction,
          mainiacjoe_overflow_small_starburst
D:7:      layout_rooms, fedhas_altar_fruit_tree,
          minmay_temple_entry_butterflies, serial_glass, glass_columns_a,
          glass_columns_a, glass_columns_b, glass_columns_a, glass_columns_a,
          glass_columns_b, glass_columns_a, glass_columns_c, glass_columns_a,
          glass_columns_a
D:8:      layout_basic, lair_entry_dummy, nicolae_inconvenience_store,
          kennysheep_island_fort, uniq_maurice, uniq_prince_ribbit1
D:9:      layout_cave_pods, mainiacjoe_overflow_concentric_impassable,
          nicolae_overflow_hidden_temple, serial_shops, shop,
          nicolae_shop_self_help
D:10:     layout_loops_ring, zin_statuary, mainiacjoe_overflow_six_doors_small,
          david_orc_2, gammafunk_ghost_icy, amethyst_killhole
D:11:     layout_irregular_city, okawaru_humans
D:12:     layout_irregular_city, nicolae_neqoxec_dot_bat
D:13:     layout_roguey, uniq_frances
D:14:     layout_loops_ring, skrybe_vaults_entry_preservation,
          hangedman_decor_peaks_small, minmay_misc_feat_secret_circle
D:15:     grunt_enter_depths_magical_seal, layout_loops_ring,
          hellmonk_bongcloud_opening, trog_butcher_becter
Temple:   nicolae_temple_bog_church
Lair:1:   layout_layer_cave
Lair:2:   layout_cave_pods, palyth_hydra_swamp_entry,
          nicolae_spider_entry_non_spiders, fungi_pond_lemuel, st_stairs_4,
          lemuel_old_faithful
Lair:3:   layout_cave_pods, uniq_kirke, uniq_fannar, uniq_amaemon, uniq_rupert
Lair:4:   layout_regular_city, chequers_serial_rivers_room_a, minivault_27,
          beast_lair_carwin_1
Lair:5:   wormcave, layout_loops_ring, hangedman_lair_caniforms_friends,
          slime_entry_1
Swamp:1:  layout_basic_swamp, nicolae_swamp_well_well_well, swamp_pool2,
          uniq_josephine
Swamp:2:  layout_falls_marsh, serial_swamp_ruin, evilmike_swamp_ruin_house_1,
          hangedman_swamp_ruin_wall
Swamp:3:  layout_falls_marsh, evilmike_swamp_ruin_house_2, swamp_pool5,
          infiniplex_staircase_pool
Swamp:4:  swamp_old_school, layout_basic_swamp, swamp_pool1, beargit_kiku_chapel
Spider:1: layout_chambers, nicolae_spider_twisty_arc_passages
Spider:2: layout_spider_delve, uniq_arachne, uniq_aizul
Spider:3: layout_spider_delve, uniq_agnes
Orc:1:    layout_caves, kennysheep_orc_chapel, uniq_snorg
Orc:2:    st_orc_open, layout_caves
Vaults:1: nicolae_vaults_twisting_passages, vaults_room_stairs_pillars,
          st_octagons_2, nicolae_vaults_sightless_eye,
          nicolae_vaults_doubleplus_tesselated, ontoclasm_vaults_chip,
          nicolae_vaults_trapezoid_1, dpeg_vaults_monster_box, v_misc_22,
          nicolae_vaults_more_shelving_1, vaults_room_hallway,
          nicolae_vaults_tetromino_L_2, layout_vaults_omnibox, enter_trove_1
Vaults:2: ontoclasm_vaults_shout, nicolae_vaults_network_quinsquares
          [nicolae_vaults_network_quincunx_subvault,
          nicolae_vaults_network_quincunx_subvault,
          nicolae_vaults_network_quincunx_subvault,
          nicolae_vaults_network_quincunx_subvault], v_rooms_6,
          minmay_crypt_entry_necro_gods, nicolae_vaults_trapezoid_lopsided_4,
          nicolae_vaults_tetromino_T_1, nicolae_vaults_triangles,
          vaults_dpeg_encased_lava, nicolae_vaults_wrenched,
          nicolae_vaults_tetromino_Z_1, vaults_dpeg_diagonal,
          hangedman_vaults_capsules, nicolae_vaults_little_squares_4,
          layout_vaults_big_room, serial_shops, shop
Vaults:3: nicolae_vaults_weapon_check, nicolae_vaults_trapezoid_3, v_misc_12,
          nicolae_vaults_storage_closets_3, nicolae_vaults_sesquioval_fish,
          nicolae_vaults_closet_pinwheel_2, v_misc_23,
          nicolae_vaults_variable_pillar_hall, nicolae_vaults_mini_display_case,
          layout_vaults_quadrants, serial_shops, bzr_entry_safe

Skill      XL: |  1  2  3  4  5  6  7  8  9 10 11 12 13 14 15 16 17 18 19 20 |
---------------+-------------------------------------------------------------+-----
Ranged Weapons | 3 5 6 8 9 11 13 14 15 18 21 22 | 22.0
Fighting       | 2 3 4 6 7 9 11 13 15 16 19 20 22 | 22.0
Armour         | 1 2 3 4 6 7 9 11 12 13 14 | 14.4
Dodging        | 2 3 4 5 6 7 9 10 11 13 14 | 14.0
Invocations    | 4 6 10 | 10.0
Spellcasting   | |  1.0
Hexes          | |  2.6

Action                     |  1- 3 |  4- 6 |  7- 9 | 10-12 | 13-15 | 16-18 | 19-21 || total
---------------------------+-------+-------+-------+-------+-------+-------+-------++-------
   Fire: Sling             |    90 |    79 |       |       |       |       |       ||   169
         Greatsling        |       |    69 |   275 |   619 |   584 |       |       ||  1547
         Triple crossbow   |       |       |       |       |   416 |  1122 |   885 ||  2423
 Invoke: Heroism           |       |       |       |    11 |    24 |    33 |    15 ||    83
         Finesse           |       |       |       |       |     2 |     8 |     3 ||    13
    Use: Scroll            |     4 |     6 |     4 |    10 |     4 |     4 |     5 ||    37
         Potion            |       |       |     3 |     1 |     2 |     4 |     4 ||    14
 Armour: Ring mail         |    22 |    49 |    95 |    16 |       |   431 |   293 ||   906
         Troll leather arm |       |       |       |    88 |   192 |    26 |       ||   306
  Dodge: Dodged            |    26 |    37 |   113 |   196 |   723 |  1024 |   894 ||  3013

Table legend:
 A = Non-vault XP
 B = Vault XP
 C = Vault XP percentage of total XP
 D = Non-vault monster count
 E = Vault monster count
 F = Vault count percentage of total count
                 A         B        C        D         E       F
            +---------+---------+-------+---------+---------+-------
      Total |  330383 |  158224 |  32.4 |     967 |     393 |  28.9
            +---------+---------+-------+---------+---------+-------
        D:1 |      24 |       0 |   0.0 |      14 |       0 |   0.0
        D:2 |      19 |      38 |  66.7 |       7 |       8 |  53.3
        D:3 |      53 |       0 |   0.0 |      23 |       0 |   0.0
        D:4 |     327 |       3 |   0.9 |      18 |       2 |  10.0
        D:5 |     929 |      33 |   3.4 |      24 |       7 |  22.6
        D:6 |    1296 |      50 |   3.7 |      29 |       1 |   3.3
        D:7 |    2235 |       0 |   0.0 |      43 |       0 |   0.0
        D:8 |    2250 |    1337 |  37.3 |      18 |       5 |  21.7
        D:9 |    3561 |       0 |   0.0 |      24 |       0 |   0.0
       D:10 |    2663 |      24 |   0.9 |      18 |       8 |  30.8
       D:11 |    3540 |     407 |  10.3 |      18 |       2 |  10.0
       D:12 |    7967 |    1507 |  15.9 |      21 |       7 |  25.0
       D:13 |    9468 |    1487 |  13.6 |      25 |       1 |   3.8
       D:14 |    8516 |    6057 |  41.6 |      15 |      10 |  40.0
       D:15 |   21764 |    3820 |  14.9 |      39 |      12 |  23.5
     Lair:1 |    2120 |       0 |   0.0 |      12 |       0 |   0.0
     Lair:2 |    6828 |    3862 |  36.1 |      34 |      15 |  30.6
     Lair:3 |   11799 |    5453 |  31.6 |      33 |       6 |  15.4
     Lair:4 |    5619 |    2297 |  29.0 |      18 |       6 |  25.0
     Lair:5 |    6140 |   16460 |  72.8 |      16 |      73 |  82.0
    Swamp:1 |    7505 |    1919 |  20.4 |      14 |       6 |  30.0
    Swamp:2 |   11894 |       0 |   0.0 |      23 |       0 |   0.0
    Swamp:3 |   14439 |     401 |   2.7 |      23 |       3 |  11.5
    Swamp:4 |    8509 |   23059 |  73.0 |      15 |      34 |  69.4
   Spider:1 |   17414 |       0 |   0.0 |      48 |       0 |   0.0
   Spider:2 |   14599 |    3654 |  20.0 |      34 |       2 |   5.6
   Spider:3 |   19749 |    1548 |   7.3 |      61 |       1 |   1.6
      Orc:1 |    1556 |    1990 |  56.1 |      17 |       6 |  26.1
      Orc:2 |    5125 |   14855 |  74.3 |      46 |      37 |  44.6
   Vaults:1 |   33716 |   33609 |  49.9 |      49 |      42 |  46.2
   Vaults:2 |   26348 |   26652 |  50.3 |      39 |      33 |  45.8
   Vaults:3 |   27779 |    7319 |  20.9 |      44 |      12 |  21.4
    Abyss:2 |   44632 |       0 |   0.0 |     105 |       0 |   0.0
      Sewer |       0 |     383 | 100.0 |       0 |      54 | 100.0
            +---------+---------+-------+---------+---------+-------
